 Dungeon Crawl Stone Soup version 0.28-a0-823-gb444dcf96d (webtiles) character file.

Game seed: 1150623126198603835

0 meatgazer the Skirmisher (level 1, -7/18 HPs)
             Began as a Demonspawn Abyssal Knight on Nov 9, 2021.
             Was a Follower of Lugonu.
             Killed from afar by a ynoxinul (22 damage)
             ... with an iron shot
             ... on level 5 of the Abyss.
             The game lasted 00:00:25 (149 turns).

meatgazer the Skirmisher (Demonspawn Abyssal Knight) Turns: 149, Time: 00:00:25

Health: -7/18      AC:  3    Str: 13    XL:     1   Next: 0%
Magic:  2/2        EV: 11    Int: 11    God:    Lugonu [*.....]
Gold:   72         SH:  0    Dex: 13    Spells: 0/0 levels left

rFire   . . .      SeeInvis .   a - +1 hand axe
rCold   . . .      Faith    .   (no shield)
rNeg    . . .      Spirit   .   b - +0 leather armour
rPois   .          Reflect  .   (no helmet)
rElec   .          Harm     .   (no cloak)
rCorr   .          Rampage  .   (no gloves)
Will    .....                   (no boots)
Stlth   +.........              (no amulet)
HPRegen 0.06/turn               (no ring)
MPRegen 0.08/turn               (no ring)

@: very slow
A: no striking features
a: Renounce Religion, Depart the Abyss


You were on level 5 of the Abyss.
You worshipped Lugonu.
Lugonu was aware of your devotion.
You visited 0 branches of the dungeon, and saw 0 of its levels.
You visited the Abyss 1 time.

You collected 72 gold pieces.

Inventory:

Hand Weapons
 a - a +1 hand axe (weapon)
Armour
 b - a +0 leather armour (worn)


   Skills:
 + Level 3.0 Fighting
 + Level 1.7 Axes
 + Level 1.7 Armour
 + Level 0.8 Dodging
 + Level 2.4 Invocations


You couldn't memorise any spells.
You didn't know any spells.
Your spell library was empty.

Dungeon Overview and Level Annotations

Branches:
Dungeon (0/15)

Altars:


Message History

The starspawn tentacle closely misses you.
A starspawn tentacle segment comes into view.
The starspawn tentacle grabs you. The starspawn tentacle constricts you.
You escape the starspawn tentacle's grasp.
The starspawn tentacle closely misses you.
It was a potion of invisibility.
You fade into invisibility!
The starspawn tentacle grabs you. The starspawn tentacle constricts you.
You are very lightly contaminated with residual magic.
The starspawn tentacle's grasp on you weakens, but your attempt to escape fails.
The starspawn tentacle constricts you.
You escape the starspawn tentacle's grasp.
A tentacle flies out from the starspawn's body!
A starspawn tentacle comes into view.
There is a gateway leading deeper into the Abyss here.
You plunge deeper into the Abyss.
The abyssal rune of Zot can be found at this depth.
Found a gateway leading deeper into the Abyss.
You now have 72 gold pieces (gained 34).
There is a gateway leading deeper into the Abyss here.
You start resting.
A large abomination appears in a shower of sparks.
You can't go up here!
You plunge deeper into the Abyss.
The abyssal rune of Zot can be found at this depth.
You flicker for a moment.
You flicker back into view.
A small abomination comes into view.
You enter the shallow water.
Moving in this stuff is going to be slow.
Found a long sword and a great mace.
A large abomination comes into view.
Your magical contamination has completely faded away.
You enter the shallow water.
Moving in this stuff is going to be slow.
A ynoxinul comes into view.
The ynoxinul gestures at you. The iron shot hits you!!
Ouch! That really hurt!
You die...

#..#..≈≈≈≈≈≈≈
#....#≈≈≈≈≈≈≈#
#.#..#≈≈≈≈≈≈≈.
.3.#.≈≈≈≈♣≈≈.
#...≈≈≈♣≈≈♣#
##..≈≈≈≈≈#≈.
##...≈≈≈≈≈.≈.
#....@≈≈≈♣≈# #
...#..#x≈≈≈≈≈#...
#.# #≈♣≈≈≈≈≈.. #.
#X≈≈≈≈♣≈#
##≈≈≈≈≈≈≈#
#.≈≈.≈≈≈.#
#.#≈≈≈≈≈.#≈..
#...≈≈≈≈≈..≈#
....#≈≈≈≈≈###..


You could see a large abomination, a ynoxinul and a small abomination.

Vanquished Creatures (others)
  A starspawn tentacle (Abyss:3)
1 creature vanquished.

Notes
Turn   | Place    | Note
-------+----------+-------------------------------------------
     0 | Abyss:1  | meatgazer the Demonspawn Abyssal Knight began the quest for
                  | the Orb.
     0 | Abyss:1  | Reached XP level 1. HP: 18/18 MP: 2/2
    87 | Abyss:2  | Noticed a flying skull
    87 | Abyss:2  | Noticed a flying skull
    88 | Abyss:2  | Noticed a flying skull
    90 | Abyss:3  | Noticed a tentacled starspawn
   116 | Abyss:4  | Noticed a large abomination
   117 | Abyss:5  | Entered Level 5 of the Abyss
   141 | Abyss:5  | Noticed a small abomination
   142 | Abyss:5  | Noticed a large abomination
   147 | Abyss:5  | Noticed a ynoxinul
   149 | Abyss:5  | Killed from afar by a ynoxinul

Illustrated notes

Levels and vault maps discovered:
Abyss:5:  base: Temple, base: Temple, hangedman_abyss_feature_spike,
          hangedman_abyss_rune_flesh_and_stone

Action                   || total
-------------------------++-------
  Use: Potion            ||     1
Dodge: Dodged            ||     3

Table legend: (Time is in decaauts)
 A = Elapsed time spent in this place.
 B = Non-inter-level travel time spent in this place.
 C = Inter-level travel time spent in this place.
 D = Time resting spent in this place.
 E = Time spent auto-exploring this place.
 F = Levels seen in this place.
 G = Mean time per level.
                   A        B        C        D        E       F      G
               +--------+--------+--------+--------+--------+-----+--------+
         Total |    151 |    151 |      0 |     12 |     92 |   5 |   30.2 |
         Abyss |    151 |    151 |      0 |     12 |     92 |   5 |   30.2 |
               +--------+--------+--------+--------+--------+-----+--------+

Top non-repeatable levels by time:
 Abyss:1: 79 daAuts
 Abyss:5: 35 daAuts
 Abyss:4: 14 daAuts
 Abyss:3: 11 daAuts
 Abyss:2: 10 daAuts
